[Event "Titled Tuesday Blitz June 21 Early 2022"]
[White "Bluebaum, Matthias"]
[Black "Jobava, Baadur"]
[WhiteFideId "24651516"]
[BlackFideId "13601520"]
[WhiteElo "2556"]
[BlackElo "2617"]
[Result "1/2-1/2"]
[Round "09"]
[TimeControl "180+1"]
[Date "2022.06.21"]
[WhiteClock "0:00:13"]
[BlackClock "0:00:21"]

1. d4 d5 2. c4 dxc4 3. e4 Nf6 4. e5 Nd5 5. Bxc4 Bf5 6. Ne2 e6 7. O-O Be7 8. Nbc3 O-O 9. Ng3 Bg6 10. Bxd5 exd5 11. f4 f5 12. Qb3 Nc6 13. Qxd5+ Bf7 14. Qxd8 Raxd8 15. Nxf5 Bb4 16. a3 Bc4 17. axb4 Bxf1 18. d5 Nxb4 19. Nd4 Bc4 20. Ne6 Nxd5 21. Nxf8 Nxc3 22. bxc3 Rd1+ 23. Kf2 Rf1+ 24. Ke3 Kxf8 25. Kd4 b5 26. g4 Ke8 27. f5 h5 28. h3 hxg4 29. hxg4 Be2 30. Bb2 Rxa1 31. Bxa1 Bxg4 32. f6 g5 33. c4 b4 34. Kc5 a5 35. Kb5 Be6 36. Kxa5 c5 37. Kb5 g4 38. Kxc5 b3 39. Kb4 g3 40. Kxb3 g2 41. Bd4 Kd7 42. Kb4 Kc6 43. Bg1 Bf7 44. Kc3 Be6 45. Kd4 Bf7 46. Ke4 Bxc4 47. Kf5 Kd7 48. Ke4 Ke6 49. Kf4 Bd5 50. Bh2 Bc6 51. Bg1 Bd5 52. Bh2 Bc6 53. Bg1 Bd5 1/2-1/2


[Site "https://www.chess.com"]

[Event "Titled Tuesday Blitz June 21 Early 2022"]
[White "Csonka, Balazs"]
[Black "Artemenko, Oleg"]
[WhiteFideId "742910"]
[BlackFideId "14201798"]
[WhiteElo "2404"]
[BlackElo "2287"]
[Result "1-0"]
[Round "09"]
[TimeControl "180+1"]
[Date "2022.06.21"]
[WhiteClock "0:00:59"]
[BlackClock "0:01:30"]

1. e4 e6 2. d4 d5 3. Nd2 c5 4. Ngf3 cxd4 5. Nxd4 Nc6 6. Bb5 Bd7 7. Nxc6 bxc6 8. Bd3 Bd6 9. O-O Ne7 10. c4 d4 11. f4 c5 12. e5 Bc7 13. Ne4 O-O 14. Qh5 Ng6 15. Ng5 h6 16. Nxf7 Rxf7 17. Qxg6 Kf8 18. Bd2 Bc6 19. f5 Bxe5 20. fxe6 Rxf1+ 21. Rxf1+ Ke7 22. Rf7+ Kd6 23. e7+ 1-0


[Site "https://www.chess.com"]

[Event "Titled Tuesday Blitz June 21 Early 2022"]
[White "Cunha, Lucas Aguiar"]
[Black "Tologon tegin, Semetei"]
[WhiteFideId "2125404"]
[BlackFideId "13800574"]
[WhiteElo "2328"]
[BlackElo "2174"]
[Result "1-0"]
[Round "09"]
[TimeControl "180+1"]
[Date "2022.06.21"]
[WhiteClock "0:00:20"]
[BlackClock "0:00:12"]

1. e4 c6 2. d4 d5 3. e5 Bf5 4. Nf3 e6 5. Be2 Nd7 6. O-O Ne7 7. Nbd2 h6 8. Nb3 g5 9. Ne1 c5 10. c3 c4 11. Nd2 Nc6 12. b3 b5 13. Bh5 Bg7 14. Ba3 Bf8 15. Bxf8 Nxf8 16. Qf3 Bg6 17. Bxg6 Nxg6 18. Nc2 O-O 19. bxc4 bxc4 20. Nxc4 Nxd4 21. cxd4 dxc4 22. Rfd1 Nf4 23. Ne3 Rc8 24. g3 Nd5 25. Ng4 Kg7 26. h3 c3 27. Rac1 Qe7 28. Kg2 Rc4 29. Nh2 Rb8 30. Qd3 Rbb4 31. Nf1 Rxd4 32. Qxd4 Rxd4 33. Rxd4 Qb7 34. Kg1 Qb2 35. Rdd1 Qxa2 36. Re1 Qb2 37. Rb1 Qc2 38. Rec1 Qe4 39. Re1 Qf5 40. Kg2 h5 41. Rbc1 g4 42. hxg4 hxg4 43. Ne3 Qf3+ 44. Kg1 a5 45. Nxd5 exd5 46. Re3 d4 47. Rxf3 gxf3 48. Kf1 Kg6 49. Ke1 Kf5 50. Ra1 d3 51. Rxa5 Ke4 52. Kd1 Kd4 53. Ra7 Kxe5 54. Rxf7 Kd4 55. Rf4+ Kc5 56. Rxf3 Kc4 57. Re3 Kb3 58. Rxd3 Kb2 59. Rxc3 Kxc3 60. Ke2 Kd4 61. Kf3 Ke5 62. Kg4 Kf6 63. Kh5 Kg7 64. Kg5 Kf7 65. Kh6 Kg8 66. Kg6 Kh8 67. Kf7 Kh7 68. g4 Kh6 69. f4 Kh7 70. g5 Kh8 71. f5 1-0


[Site "https://www.chess.com"]

[Event "Titled Tuesday Blitz June 21 Early 2022"]
[White "Domingo Nunez, Ruben"]
[Black "Sapunov, Evgeny"]
[WhiteFideId "22245570"]
[BlackFideId "4126661"]
[WhiteElo "2376"]
[BlackElo "2470"]
[Result "0-1"]
[Round "09"]
[TimeControl "180+1"]
[Date "2022.06.21"]
[WhiteClock "0:01:18"]
[BlackClock "0:01:26"]

1. c4 Nf6 2. g3 g6 3. Bg2 Bg7 4. Nc3 O-O 5. b3 d6 6. Bb2 e5 7. e3 Re8 8. Nge2 c6 9. O-O a5 10. d4 e4 11. d5 c5 12. Nb5 Bf5 13. a3 Na6 14. Qd2 b6 15. Nec3 Nc7 16. Nxc7 Qxc7 17. Nb5 Qd7 18. b4 a4 19. Bc3 Ng4 20. Bxg7 Kxg7 21. Qc3+ Kg8 22. bxc5 bxc5 23. Qc2 Ne5 24. Bxe4 Nf3+ 25. Bxf3 Bxc2 26. Rac1 Bd3 27. Rfd1 Bxc4 28. Nxd6 Qxd6 29. Rxc4 Reb8 30. Rdc1 Ra5 31. e4 Rb3 32. Kg2 Rxa3 33. Re1 f6 34. e5 fxe5 35. Rce4 Rxf3 36. Kxf3 Qxd5 37. Kg4 c4 38. f3 Rc5 39. Ra1 c3 0-1


[Site "https://www.chess.com"]

[Event "Titled Tuesday Blitz June 21 Early 2022"]
[White "Durarbayli, Vasif"]
[Black "Vakhlamov, Igor L."]
[WhiteFideId "13402935"]
[BlackFideId "24126748"]
[WhiteElo "2528"]
[BlackElo "2401"]
[Result "1-0"]
[Round "09"]
[TimeControl "180+1"]
[Date "2022.06.21"]
[WhiteClock "0:00:07"]
[BlackClock "0:00:05"]

1. e4 c5 2. Nf3 Nc6 3. Bb5 Nf6 4. d3 Qa5+ 5. Nc3 Nd4 6. Bc4 b5 7. Bb3 Nxb3 8. cxb3 e6 9. O-O b4 10. Ne2 Be7 11. Ng3 d6 12. e5 dxe5 13. Nxe5 Bb7 14. Nh5 Nxh5 15. Qxh5 O-O 16. Qg4 Qd8 17. Bh6 Bf6 18. Rae1 Kh8 19. Bc1 Qd5 20. Qg3 Rad8 21. h4 a5 22. h5 h6 23. Re4 Qd6 24. Bf4 Qe7 25. Rc4 Bxe5 26. Bxe5 f6 27. Bc7 Rd7 28. Bb6 Rd5 29. Rfc1 Rg5 30. Rg4 Rxh5 31. d4 Rc8 32. Bxc5 Qd7 33. Re1 e5 34. dxe5 fxe5 35. Be3 Rf5 36. Rg6 Rc6 37. Rxc6 Qxc6 38. Rc1 Qd5 39. f3 Kh7 40. Rc7 Rf7 41. Rxf7 Qxf7 42. Qxe5 Qg6 43. Kh2 Qc2 44. Bd4 Qg6 45. Qxa5 Qc2 46. Qe5 Qg6 47. Bc5 Qc2 48. Bd4 Qg6 49. Qg3 Qf7 50. a3 Qh5+ 51. Kg1 Qf7 52. axb4 Qd7 53. Qe5 Bd5 54. b5 Bb7 55. b6 Qf7 56. Kf2 Qd7 57. b4 Qf7 58. b5 Qd7 59. Ke3 Qf7 60. Kd2 Qd7 61. Kc3 Qf7 62. Kb4 Qg6 63. Qe7 Bd5 64. b7 Bxb7 65. Qxb7 Qd6+ 66. Kc4 Qe6+ 67. Qd5 Qe2+ 68. Kc5 Qc2+ 69. Kd6 Qxg2 70. Qe4+ Kg8 71. b6 Qxf3 72. Qxf3 g5 73. Qf6 g4 74. Qg7# 1-0


[Site "https://www.chess.com"]

[Event "Titled Tuesday Blitz June 21 Early 2022"]
[White "Gabrielian, Artur"]
[Black "Barria Zuniga, Daniel"]
[WhiteFideId "4131002"]
[BlackFideId "3400816"]
[WhiteElo "2440"]
[BlackElo "2414"]
[Result "1-0"]
[Round "09"]
[TimeControl "180+1"]
[Date "2022.06.21"]
[WhiteClock "0:00:10"]
[BlackClock "0:00:06"]

1. e4 d5 2. exd5 Qxd5 3. Nc3 Qe5+ 4. Be2 c6 5. Nf3 Qc7 6. d4 Bf5 7. d5 Nf6 8. Nd4 Bg6 9. O-O a6 10. Bf3 cxd5 11. Nxd5 Nxd5 12. Bxd5 Nd7 13. Qf3 Ne5 14. Qg3 O-O-O 15. c4 e6 16. Bxe6+ Kb8 17. Bf4 Rxd4 18. Bxe5 Bd6 19. Bxd6 Qxd6 20. Qxd6+ Rxd6 21. Bd5 b5 22. b3 Kc7 23. Rfe1 bxc4 24. bxc4 Rb8 25. h4 Rb2 26. Re7+ Rd7 27. Re3 a5 28. Rb3 Rxb3 29. axb3 Kb6 30. f3 Ra7 31. Kf2 Kc5 32. Ke3 Bc2 33. Kd2 Bxb3 34. Kc3 a4 35. Re1 h6 36. g4 f6 37. Re6 Rc7 38. Ra6 Rc8 39. h5 Re8 40. Rc6# 1-0


[Site "https://www.chess.com"]

[Event "Titled Tuesday Blitz June 21 Early 2022"]
[White "Grischuk, Alexander"]
[Black "Kamsky, Gata"]
[WhiteFideId "4126025"]
[BlackFideId "2000024"]
[WhiteElo "2762"]
[BlackElo "2645"]
[Result "1/2-1/2"]
[Round "09"]
[TimeControl "180+1"]
[Date "2022.06.21"]
[WhiteClock "0:00:15"]
[BlackClock "0:00:20"]

1. e4 e5 2. Nc3 Nf6 3. Bc4 Nc6 4. d3 Bb4 5. Nf3 d5 6. exd5 Nxd5 7. O-O Bxc3 8. bxc3 O-O 9. Qe1 f6 10. d4 Re8 11. Qe4 Be6 12. dxe5 Nxe5 13. Nxe5 fxe5 14. Qxe5 Qf6 15. Qxf6 gxf6 16. Bd3 Nxc3 17. Bb2 Nd5 18. Rfe1 Kg7 19. a3 Bf7 20. Be4 b5 21. Rad1 c6 22. h4 Rad8 23. g4 Bg6 24. Bxd5 Rxd5 25. g5 Bxc2 26. Rc1 Rxe1+ 27. Rxe1 Rd1 28. Rxd1 Bxd1 29. Bxf6+ Kg6 30. Kf1 Kf5 31. Ke1 Bh5 32. Kd2 Ke4 33. Kc3 a5 34. Bd8 a4 35. Kb4 Kd5 36. Be7 Bf3 37. Bc5 Ke6 38. Be3 Kd5 39. Bc5 Ke6 40. Be3 Kd5 41. Bc5 1/2-1/2


[Site "https://www.chess.com"]

[Event "Titled Tuesday Blitz June 21 Early 2022"]
[White "Halkias, Stelios"]
[Black "Karttunen, Mika"]
[WhiteFideId "4201809"]
[BlackFideId "502081"]
[WhiteElo "2453"]
[BlackElo "2343"]
[Result "0-1"]
[Round "09"]
[TimeControl "180+1"]
[Date "2022.06.21"]
[WhiteClock "0:00:11"]
[BlackClock "0:00:08"]

1. Nf3 Nf6 2. c4 e6 3. g3 d5 4. d4 Bb4+ 5. Nbd2 dxc4 6. Bg2 b5 7. a4 c6 8. O-O O-O 9. axb5 cxb5 10. Ng5 Nd5 11. e4 Nc7 12. e5 Qxg5 13. Ne4 Qd8 14. Qc2 Be7 15. Nd6 Nd5 16. Nxb5 Nc6 17. Qxc4 Bb7 18. Bd2 a6 19. Nc3 Ncb4 20. Ne4 a5 21. h4 Ba6 22. Qb3 Bxf1 23. Rxf1 Qb6 24. Bc3 Rfc8 25. Qd1 Nxc3 26. bxc3 Nd5 27. Qg4 Kh8 28. Qf3 f5 29. exf6 gxf6 30. Re1 a4 31. Qh5 a3 32. c4 a2 33. cxd5 a1=Q 34. Rxa1 Rxa1+ 35. Kh2 exd5 36. Qf7 Qxd4 37. Qxe7 Qe5 38. Qd7 Rf8 39. Nc5 Ra2 40. Ne6 Rg8 41. Kg1 Qe1+ 42. Kh2 Qxf2 43. Kh3 Qxg2# 0-1


[Site "https://www.chess.com"]

[Event "Titled Tuesday Blitz June 21 Early 2022"]
[White "Ibrahimli, Murad"]
[Black "Corrales Jimenez, Fidel"]
[WhiteFideId "13410229"]
[BlackFideId "3506690"]
[WhiteElo "2109"]
[BlackElo "2541"]
[Result "0-1"]
[Round "09"]
[TimeControl "180+1"]
[Date "2022.06.21"]
[WhiteClock "0:00:04"]
[BlackClock "0:00:02"]

1. d4 Nf6 2. c4 g6 3. Nc3 d5 4. Nf3 Bg7 5. Qb3 dxc4 6. Qxc4 Be6 7. Qd3 c5 8. e4 cxd4 9. Nxd4 Bd7 10. Be2 Nc6 11. Be3 O-O 12. Rd1 Nxd4 13. Bxd4 Bc6 14. O-O Qa5 15. Qe3 Rfd8 16. a3 Ne8 17. Bxg7 Nxg7 18. Bc4 Rxd1 19. Rxd1 a6 20. Qf4 Ne6 21. Bxe6 fxe6 22. Qg4 Qe5 23. f4 Qc5+ 24. Kh1 Kf7 25. Rf1 Qc4 26. Re1 Rd8 27. Qh4 h5 28. h3 Rd2 29. Qg5 Rxb2 30. f5 exf5 31. exf5 Bxg2+ 32. Kg1 Qc5+ 33. Re3 gxf5 34. Qxh5+ Kg7 35. Qg5+ Kf8 36. Qh6+ Ke8 37. Qh5+ Kd7 38. Qd1+ Kc8 39. Qc1 Bc6 40. Qxb2 Qxe3+ 41. Kf1 Qxh3+ 42. Ke1 Qh1+ 43. Kd2 Qg2+ 44. Ne2 Bf3 45. Qc3+ Kd7 46. Qd4+ Ke6 47. Qc4+ Kf6 48. Qd4+ Kg6 49. Qg1 Qxg1 50. Nxg1 Bg4 0-1


[Site "https://www.chess.com"]

[Event "Titled Tuesday Blitz June 21 Early 2022"]
[White "Kobalia, Mikhail"]
[Black "Borisova, Ekaterina"]
[WhiteFideId "4119150"]
[BlackFideId "34124184"]
[WhiteElo "2667"]
[BlackElo "2039"]
[Result "1-0"]
[Round "09"]
[TimeControl "180+1"]
[Date "2022.06.21"]
[WhiteClock "0:01:28"]
[BlackClock "0:01:10"]

1. e4 c5 2. Nf3 Nc6 3. Bb5 e6 4. O-O Nge7 5. Re1 a6 6. Bxc6 Nxc6 7. d4 cxd4 8. Nxd4 Ne5 9. a4 Qc7 10. b3 Bd6 11. c4 Ng6 12. h3 b6 13. Bb2 Bb7 14. Nc3 O-O 15. Kh1 Be5 16. Nf3 f5 17. Nxe5 Nxe5 18. Ba3 Ng6 19. Bxf8 Rxf8 20. Qd4 Nf4 21. Rad1 Bc6 22. b4 Rf7 23. b5 Bb7 24. Qd6 Qxc4 25. Qxf4 Qxc3 26. Qb8+ Qc8 27. Qxc8+ Bxc8 28. Rc1 Bb7 29. Rc7 Ba8 30. Rc8+ Rf8 31. Rxf8+ Kxf8 32. bxa6 1-0


[Site "https://www.chess.com"]

[Event "Titled Tuesday Blitz June 21 Early 2022"]
[White "Kosakowski, Jakub"]
[Black "Bortnyk, Olexandr"]
[WhiteFideId "1185080"]
[BlackFideId "14120828"]
[WhiteElo "2476"]
[BlackElo "2723"]
[Result "1-0"]
[Round "09"]
[TimeControl "180+1"]
[Date "2022.06.21"]
[WhiteClock "0:00:09"]
[BlackClock "0:00:03"]

1. e4 Nf6 2. Nc3 d6 3. d4 Nbd7 4. Nf3 e5 5. Bc4 Be7 6. a4 c6 7. O-O h6 8. h3 Qc7 9. Re1 g5 10. Be3 Nf8 11. dxe5 dxe5 12. Nxe5 Qxe5 13. Bd4 Qf4 14. e5 N6h7 15. e6 f6 16. Qh5+ Kd8 17. Rad1 Kc7 18. Qf7 Ng6 19. Qxg6 Nf8 20. Qf7 Rh7 21. Qe8 b5 22. Nxb5+ cxb5 23. Qxb5 Bb7 24. Bd5 Bxd5 25. Qa5+ Kc8 26. Qxd5 Qb8 27. Qc6+ Qc7 28. Qxa8+ Qb8 29. Qc6+ Qc7 30. Qe8+ Kb7 31. Qb5+ Ka8 32. Re3 Bd6 33. Rc3 Qb8 34. Qd5+ Rb7 35. Bxa7 Bh2+ 36. Kh1 Qxa7 37. Kxh2 Qb8+ 38. Kh1 Ng6 39. Qa5+ Ra7 40. Qd5+ Rb7 41. Rc5 Qe8 42. Ra5+ Kb8 43. Qd6+ Rc7 44. Rb5+ Kc8 45. Qa6+ 1-0


[Site "https://www.chess.com"]

[Event "Titled Tuesday Blitz June 21 Early 2022"]
[White "Kosteniuk, Alexandra"]
[Black "Bortnyk, Mykola"]
[WhiteFideId "4128125"]
[BlackFideId "14120836"]
[WhiteElo "2469"]
[BlackElo "2582"]
[Result "0-1"]
[Round "09"]
[TimeControl "180+1"]
[Date "2022.06.21"]
[WhiteClock "0:00:02"]
[BlackClock "0:00:03"]

1. e4 Nf6 2. e5 Nd5 3. d4 d6 4. c4 Nb6 5. f4 dxe5 6. fxe5 Nc6 7. Be3 Bf5 8. Nc3 e6 9. Be2 Qd7 10. Nf3 O-O-O 11. O-O Kb8 12. c5 Nd5 13. Nxd5 Qxd5 14. Qc1 f6 15. Bc4 Qe4 16. Re1 Qg4 17. h3 Qh5 18. Be2 Qf7 19. Qc3 Be4 20. b4 fxe5 21. dxe5 Qg6 22. b5 Ne7 23. b6 Nc6 24. bxc7+ Kxc7 25. Rad1 Be7 26. Rd6 Rhf8 27. Bf2 Bxd6 28. cxd6+ Kd7 29. Qb3 Rb8 30. Kh1 Bd5 31. Qe3 h6 32. Rd1 Qe4 33. Qd2 Nxe5 34. Bb5+ Nc6 35. Re1 Qf4 36. Ne5+ Kxd6 37. Be3 Qxe5 38. Bc5+ Kxc5 39. Rxe5 Nxe5 40. Be2 Nc6 41. Qc3+ Kd6 42. Qg3+ e5 43. Qxg7 Rg8 44. Qxh6+ Kc7 45. Qh7+ Kd6 46. Qh6+ Be6 47. Qd2+ Nd4 48. Qb4+ Kd7 49. Qc5 Nc6 50. Bb5 a6 51. Bxc6+ bxc6 52. Qa7+ Kd6 53. Qxa6 Rb5 54. Qa3+ Rc5 55. Qb4 Bd5 0-1


[Site "https://www.chess.com"]

[Event "Titled Tuesday Blitz June 21 Early 2022"]
[White "Krallis, Christos"]
[Black "Alexiadis, Hristos"]
[WhiteFideId "4298896"]
[BlackFideId "4249623"]
[WhiteElo "2234"]
[BlackElo "2416"]
[Result "0-1"]
[Round "09"]
[TimeControl "180+1"]
[Date "2022.06.21"]
[WhiteClock "0:00:24"]
[BlackClock "0:00:37"]

1. d4 Nf6 2. Nf3 e6 3. c4 d5 4. Nc3 Bb4 5. Qa4+ Nc6 6. Bg5 h6 7. Bxf6 Qxf6 8. e3 O-O 9. Rc1 Bd7 10. Qb3 dxc4 11. Bxc4 Bd6 12. Ne4 Qg6 13. Nxd6 Qxg2 14. Rg1 Qxf3 15. Be2 Qh3 16. Qxb7 Qxh2 17. Kf1 Qxd6 18. Bf3 Rab8 19. Rxc6 Bxc6 20. Qxc6 Qxc6 21. Bxc6 Rxb2 22. Kg2 Rxa2 23. Rc1 Rb8 24. Be4 Rbb2 25. Rxc7 Rxf2+ 26. Kg3 g6 27. d5 exd5 28. Bxd5 Rad2 29. Rxa7 Rf6 30. e4 Kg7 31. Rd7 Rd3+ 32. Kg2 h5 33. e5 Rf5 34. e6 Rdxd5 35. e7 Rde5 0-1


[Site "https://www.chess.com"]

[Event "Titled Tuesday Blitz June 21 Early 2022"]
[White "Lazavik, Denis"]
[Black "Cherniaiev, Tykhon"]
[WhiteFideId "13515110"]
[BlackFideId "14182360"]
[WhiteElo "2437"]
[BlackElo "2289"]
[Result "1-0"]
[Round "09"]
[TimeControl "180+1"]
[Date "2022.06.21"]
[WhiteClock "0:00:06"]
[BlackClock "0:00:02"]

1. d4 Nf6 2. c4 e6 3. Nf3 d5 4. g3 Be7 5. Bg2 O-O 6. O-O dxc4 7. Qc2 a6 8. a4 Bd7 9. Rd1 Bc6 10. Bg5 b5 11. Bxf6 Bxf6 12. Nc3 Nd7 13. Ng5 Bxg5 14. Bxc6 Rb8 15. axb5 axb5 16. Bxb5 Nb6 17. Ne4 Be7 18. Bc6 Nd5 19. Qxc4 Rxb2 20. e3 Nf6 21. Nc3 Ng4 22. Ra2 Rxa2 23. Qxa2 Qd6 24. Bf3 Nf6 25. Qc4 Rc8 26. Nb5 Qb6 27. Bc6 Nd5 28. Bxd5 exd5 29. Qxd5 Bf6 30. Nc3 Rd8 31. Qc4 c6 32. Ne4 Be7 33. Rc1 Rc8 34. d5 c5 35. Rd1 Bd6 36. Nc3 Qb4 37. Qa6 Rd8 38. Nb5 Qb3 39. Rc1 Qxd5 40. Nxd6 Qxd6 41. Qxd6 Rxd6 42. Rxc5 g6 43. g4 Kg7 44. Kg2 Rd2 45. h4 Ra2 46. Kg3 Ra1 47. h5 Ra2 48. f3 Ra3 49. e4 Rb3 50. Kf4 Ra3 51. Rc1 Ra5 52. Rh1 Ra3 53. h6+ Kf6 54. g5+ Ke6 55. Rb1 f6 56. Rb6+ Ke7 57. Rxf6 Ra1 58. Rb6 Kf7 59. Rb7+ Kg8 60. Rd7 Ra5 61. Rd5 Ra4 62. Ke5 Ra3 63. f4 Ra8 64. Rd6 Ra5+ 65. Kf6 Ra8 66. f5 gxf5 67. exf5 Rf8+ 68. Ke5 Re8+ 69. Kf4 Ra8 70. Rd4 Kf7 71. Rd7+ Kg8 72. g6 hxg6 73. fxg6 Rb8 74. Re7 Rc8 75. Kg5 Rb8 76. h7+ Kh8 77. Kh6 Rb6 78. Re8# 1-0


[Site "https://www.chess.com"]

[Event "Titled Tuesday Blitz June 21 Early 2022"]
[White "Martinez Alcantara, Jose Eduardo"]
[Black "Mindlin, Alon"]
[WhiteFideId "3805662"]
[BlackFideId "2800071"]
[WhiteElo "2703"]
[BlackElo "2390"]
[Result "0-1"]
[Round "09"]
[TimeControl "180+1"]
[Date "2022.06.21"]
[WhiteClock "0:00:03"]
[BlackClock "0:00:10"]

1. e4 e5 2. Nf3 Nc6 3. Bb5 a6 4. Ba4 Nf6 5. d3 b5 6. Bb3 Be7 7. Nc3 d6 8. a3 Na5 9. Ba2 Be6 10. b4 Bxa2 11. Rxa2 Nc6 12. Bg5 Nd7 13. Be3 Nf6 14. O-O O-O 15. Bg5 Nd7 16. Bd2 Nf6 17. Re1 h6 18. Nd5 Nb8 19. Nxf6+ Bxf6 20. c4 Nd7 21. Be3 Re8 22. a4 c6 23. Qc2 Qb8 24. Rb1 Rc8 25. h3 d5 26. exd5 cxd5 27. c5 a5 28. bxa5 d4 29. c6 dxe3 30. axb5 exf2+ 31. Kf1 Qd6 32. Rc1 e4 33. dxe4 Ne5 34. Nxe5 Qxe5 35. b6 Qh2 36. Qxf2 Rd8 37. Ke2 Bg5 38. Rd1 Qe5 39. Qf3 Qb5+ 40. Rd3 Qxc6 41. e5 Qb5 42. b7 Rab8 43. a6 Qxe5+ 44. Kf1 Qb5 45. Ra3 Re8 46. Kg1 Qb1+ 47. Kh2 Qb6 48. Qd5 Qc7+ 49. Rg3 Bf4 50. a7 Bxg3+ 51. Rxg3 Rxb7 52. Qd4 f6 53. Qd5+ Kh8 54. Qh5 Rg8 55. a8=Q Rxa8 56. Qf3 Rab8 57. h4 Rb3 0-1


[Site "https://www.chess.com"]

[Event "Titled Tuesday Blitz June 21 Early 2022"]
[White "Molina, Roberto Junio Brito"]
[Black "Sarana, Alexey"]
[WhiteFideId "2109450"]
[BlackFideId "24133795"]
[WhiteElo "2432"]
[BlackElo "2666"]
[Result "0-1"]
[Round "09"]
[TimeControl "180+1"]
[Date "2022.06.21"]
[WhiteClock "0:00:10"]
[BlackClock "0:00:57"]

1. d4 Nf6 2. c4 e6 3. Nf3 d5 4. Nc3 Bb4 5. Bg5 dxc4 6. e4 c5 7. Bxc4 cxd4 8. Nxd4 Bxc3+ 9. bxc3 Qa5 10. Bb5+ Nbd7 11. Bxf6 Qxc3+ 12. Kf1 gxf6 13. Rc1 Qb4 14. g3 Ke7 15. Kg2 Rd8 16. Rc4 Qd6 17. Bxd7 Bxd7 18. Qb3 Rac8 19. Rd1 Qe5 20. Nf3 Qa5 21. Rcd4 Bc6 22. Rxd8 Rxd8 23. Rxd8 Kxd8 24. Qd3+ Ke7 25. Nd4 Bd7 26. a3 Qc5 27. f3 b5 28. h4 a5 29. Nc2 h5 30. Qb3 Bc6 31. Kf1 f5 32. exf5 Qxf5 33. Ke2 Qe5+ 34. Kf2 Qc5+ 35. Ke2 Bd5 36. Qb2 Bc4+ 37. Kd2 Qf2+ 38. Kc3 Qxf3+ 39. Kd4 Qf6+ 0-1


[Site "https://www.chess.com"]

[Event "Titled Tuesday Blitz June 21 Early 2022"]
[White "Navara, David"]
[Black "Paravyan, David"]
[WhiteFideId "309095"]
[BlackFideId "4194985"]
[WhiteElo "2686"]
[BlackElo "2569"]
[Result "1-0"]
[Round "09"]
[TimeControl "180+1"]
[Date "2022.06.21"]
[WhiteClock "0:01:30"]
[BlackClock "0:00:01"]

1. d4 Nf6 2. c4 g6 3. Nc3 d5 4. cxd5 Nxd5 5. e4 Nxc3 6. bxc3 Bg7 7. Bc4 c5 8. Ne2 O-O 9. O-O Nc6 10. Be3 Bg4 11. f3 Na5 12. Bxf7+ Rxf7 13. fxg4 Rxf1+ 14. Kxf1 Qd6 15. e5 Nc4 16. Bf4 Qd5 17. Kg1 Qe4 18. Qf1 cxd4 19. cxd4 Rd8 20. Qf3 Rxd4 21. Rc1 Nd2 22. Rc8+ Kf7 23. Qf2 Qb1+ 24. Rc1 Qxc1+ 25. Nxc1 1-0


[Site "https://www.chess.com"]

[Event "Titled Tuesday Blitz June 21 Early 2022"]
[White "Oparin, Grigoriy"]
[Black "Dubov, Daniil"]
[WhiteFideId "24125890"]
[BlackFideId "24126055"]
[WhiteElo "2639"]
[BlackElo "2791"]
[Result "1/2-1/2"]
[Round "09"]
[TimeControl "180+1"]
[Date "2022.06.21"]
[WhiteClock "0:00:21"]
[BlackClock "0:00:04"]

1. Nf3 d5 2. g3 g6 3. c4 c6 4. Qa4 dxc4 5. Qxc4 Bg7 6. Bg2 e5 7. d3 Ne7 8. O-O O-O 9. Qh4 Nf5 10. Qxd8 Rxd8 11. Bg5 Re8 12. Nc3 Nd6 13. Rfd1 h6 14. Be3 Na6 15. Rac1 Be6 16. b3 Nf5 17. Bd2 Nd6 18. Ne1 Nc7 19. Nc2 Rad8 20. Ne3 Ncb5 21. Nxb5 Nxb5 22. h3 Nd4 23. Kf1 a5 24. Nc4 a4 25. bxa4 b5 26. Na5 Ra8 27. Nxc6 Rxa4 28. Nxd4 exd4 29. Rb1 Rxa2 30. Rxb5 Bd7 31. Ra5 Ba4 32. Re1 Rxd2 33. Rxa4 Re7 34. Bf3 h5 35. Rb1 Rc2 36. Rb8+ Kh7 37. Kg2 Rec7 38. Be4 Rxe2 39. Rb7 Rxb7 40. Bxb7 Re7 41. Bd5 Bf6 42. Be4 Kg7 43. f4 Rc7 44. g4 hxg4 45. hxg4 g5 46. Kf3 gxf4 47. Kxf4 Rc5 48. Bf5 Be5+ 49. Ke4 Bf6 50. Ra7 Re5+ 51. Kf4 Re7 52. Ra5 Bh4 53. Be4 Bf2 54. g5 Be3+ 55. Kf5 Rc7 56. Rb5 Bd2 57. Bd5 Be3 58. Bc4 Bd2 59. Kg4 Be3 60. Rd5 Re7 61. Rf5 Bd2 62. Bd5 Be3 63. Be4 Bd2 64. Rb5 Ra7 65. Rb2 Be3 66. Rh2 Ra5 67. Rh7+ Kg8 68. Rh5 f6 69. gxf6 Rxh5 70. Kxh5 Kf7 1/2-1/2


[Site "https://www.chess.com"]

[Event "Titled Tuesday Blitz June 21 Early 2022"]
[White "Piesik, Piotr"]
[Black "Mirzoev, Azer"]
[WhiteFideId "1136194"]
[BlackFideId "13400304"]
[WhiteElo "2247"]
[BlackElo "2525"]
[Result "0-1"]
[Round "09"]
[TimeControl "180+1"]
[Date "2022.06.21"]
[WhiteClock "0:00:04"]
[BlackClock "0:00:05"]

1. Nf3 d5 2. g3 Bg4 3. Bg2 e6 4. d3 Nd7 5. O-O c6 6. Nbd2 Bd6 7. e4 Ne7 8. h3 Bh5 9. Qe1 O-O 10. Nh4 Ng6 11. Nxg6 Bxg6 12. f4 Re8 13. Kh2 f6 14. Nf3 e5 15. Nh4 Bf7 16. Nf5 Bf8 17. Qf2 dxe4 18. Bxe4 Nc5 19. Bg2 exf4 20. Bxf4 Ne6 21. Be3 Qc7 22. Rae1 b6 23. d4 Rad8 24. Rd1 Qd7 25. c4 Nc7 26. b3 b5 27. d5 cxd5 28. Bxa7 bxc4 29. bxc4 Qc6 30. Bb6 Rb8 31. Bxc7 Qxc7 32. cxd5 Re5 33. d6 Qd7 34. Ne3 Rbe8 35. Ng4 Ra5 36. Qxf6 h5 37. Qxf7+ Qxf7 38. Rxf7 Kxf7 39. d7 Rd8 40. Nf2 Ke6 41. Nd3 g5 42. Re1+ Kxd7 43. Ne5+ Kc7 44. Nc6 Rxa2 45. Nxd8 Kxd8 46. Re5 Be7 47. Rf5 h4 48. gxh4 gxh4 49. Rd5+ Kc7 50. Kg1 Bd6 51. Bf3 Bg3 52. Bg4 Ra1+ 53. Kg2 Ra3 54. Rf5 Kd6 55. Kg1 Ke7 56. Rf3 Rxf3 57. Kg2 Rf2+ 0-1


[Site "https://www.chess.com"]

[Event "Titled Tuesday Blitz June 21 Early 2022"]
[White "Prokofiev, Valentyn"]
[Black "Bryakin, Mikhail"]
[WhiteFideId "14160161"]
[BlackFideId "4165314"]
[WhiteElo "2142"]
[BlackElo "2417"]
[Result "0-1"]
[Round "09"]
[TimeControl "180+1"]
[Date "2022.06.21"]
[WhiteClock "0:00:05"]
[BlackClock "0:00:52"]

1. d4 Nf6 2. c4 c5 3. d5 b5 4. cxb5 a6 5. bxa6 d6 6. Nc3 g6 7. g3 Bg7 8. Bg2 O-O 9. Nf3 Bxa6 10. O-O Nbd7 11. Rb1 Ng4 12. Qc2 Qb6 13. h3 Nge5 14. Nxe5 Nxe5 15. b3 Rfb8 16. Bg5 Ra7 17. Be3 Qb4 18. Bd2 Qa3 19. Bc1 Qb4 20. Bd2 Qa3 21. Bc1 Qa5 22. Bd2 Qd8 23. Rfc1 h5 24. e4 Bd3 25. Qd1 Bxb1 26. Rxb1 c4 27. b4 Ra3 28. Qc1 Rba8 29. b5 Nd3 30. Qc2 Qb6 31. Be3 Bd4 32. Nd1 Rxa2 33. Qxc4 Bxe3 34. Nxe3 Nxf2 35. Re1 R8a3 36. Qc6 Qd4 37. b6 Rxe3 38. b7 Rxe1+ 39. Kh2 Ng4+ 40. hxg4 Qg1+ 41. Kh3 Qxg2+ 42. Kh4 Rh1+ 43. Kg5 Qd2# 0-1


[Site "https://www.chess.com"]

[Event "Titled Tuesday Blitz June 21 Early 2022"]
[White "Rohith Krishna S"]
[Black "Timofeev, Artyom"]
[WhiteFideId "46617051"]
[BlackFideId "4140419"]
[WhiteElo "2117"]
[BlackElo "2578"]
[Result "0-1"]
[Round "09"]
[TimeControl "180+1"]
[Date "2022.06.21"]
[WhiteClock "0:00:58"]
[BlackClock "0:01:00"]

1. e4 c6 2. Nf3 d5 3. d3 dxe4 4. dxe4 Qxd1+ 5. Kxd1 Nd7 6. Be3 g6 7. Nbd2 Bg7 8. c3 Ngf6 9. Kc2 Ng4 10. Re1 Nxe3+ 11. Rxe3 a5 12. Bc4 Nc5 13. Rhe1 b5 14. Bf1 e5 15. Nb3 Ne6 16. Nfd2 Ke7 17. g3 Rd8 18. Rd3 Rxd3 19. Bxd3 h5 20. h4 Bh6 21. Nf1 a4 22. Nbd2 Nc5 23. Be2 Be6 24. Ra1 f5 25. f3 fxe4 26. Nxe4 Nxe4 27. fxe4 Rf8 28. Kd1 Rf2 29. Ke1 Rg2 30. b3 a3 31. c4 bxc4 32. bxc4 Kd6 33. Rb1 Kc5 34. Rb3 Rxe2+ 35. Kxe2 Bxc4+ 36. Rd3 Kb4 37. Nh2 Bxa2 38. Rd1 Bc4+ 39. Kf2 a2 40. Nf3 Bb3 41. Ra1 c5 42. Nxe5 Bg7 43. Nd3+ Kc4 44. Rxa2 Bxa2 45. Nf4 Bb1 46. Nxg6 Bxe4 47. Nf4 Bd4+ 48. Ke2 Kb3 49. Nxh5 c4 50. Nf4 c3 51. Ne6 Bb6 52. Ng5 c2 53. Nxe4 c1=Q 54. Nd2+ Kc2 55. Ne4 Qd1# 0-1


[Site "https://www.chess.com"]